 Dungeon Crawl Stone Soup version 0.17-a0-1718-g72dbe4d (webtiles) character file.

112 kae the Slasher (level 4, -1/35 HPs)
             Began as a Minotaur Fighter on Aug 26, 2015.
             Slain by an orc warrior
             ... wielding a +1 mace of protection
              (4 damage)
             ... on level 2 of the Dungeon.
             The game lasted 00:02:42 (1842 turns).

kae the Slasher (Minotaur Fighter)                  Turns: 1842, Time: 00:02:42

Health: -1/35      AC:  5    Str: 25    XL:     4   Next: 63%
Magic:  4/11       EV:  7    Int:  6    God:
Gold:   184        SH:  9    Dex: 10    Spells: 0 memorised, 3 levels left

rFire  . . .     SeeInvis .     a - +0 long sword
rCold  . . .     Rnd*Rage +     b - +0 scale mail
rNeg   . . .     SustAt   .     c - +0 shield
rPois  .         Gourm    .     (helmet restricted)
rElec  .         Spirit   .     n - +0 cloak
rCorr  .         Warding  .     (no gloves)
rMut   .         Stasis   .     (no boots)
MR     .....                    (no amulet)
Stlth  ..........               (no ring)
                                i - ring of magical power

@: mighty, not resistant to hostile enchantments, extremely unstealthy
A: retaliatory headbutt, horns 2, berserk 1, blurry vision 1, deformed body,
frail 1, low mp 1, screaming 1
a: no special abilities


You were on level 2 of the Dungeon.
You were not hungry.

You visited 1 branch of the dungeon, and saw 3 of its levels.
You visited the Abyss 1 time.

You collected 184 gold pieces.

Inventory:

Hand weapons
 a - a +0 long sword (weapon)
Armour
 b - a +0 scale mail (worn)
 c - a +0 shield (worn)
 n - a +0 cloak (worn)
Jewellery
 i - a ring of magical power (left hand)
Magical devices
 j - a wand of flame (12)
Scrolls
 g - 3 scrolls of random uselessness {unknown}
 k - 2 scrolls of amnesia {unknown}
 l - a scroll of magic mapping {unknown}
Potions
 f - 3 potions of curing {unknown}
 o - a potion of lignification {unknown}
 q - a potion of mutation {unknown}
 r - a potion of invisibility {unknown}
 s - a potion of haste {unknown}
Comestibles
 e - 4 bread rations
 h - 3 meat rations
 m - a chunk of flesh
 p - a royal jelly


   Skills:
 - Level 3.6 Fighting
 + Level 5.9 Long Blades
 - Level 3.6 Armour
 - Level 3.6 Shields


You had 3 spell levels left.
You didn't know any spells.

Dungeon Overview and Level Annotations

Branches:
Dungeon (3/15)

Altars:
Kikubaaqudgha


Innate Abilities, Weirdness & Mutations

You reflexively headbutt those who attack you in melee.
You have a pair of horns on your head.
[You tend to lose your temper in combat.]
[Scrolls take you a little longer to read.]
[Armour fits poorly on your strangely shaped body.]
[You are frail (-10% HP).]
[Your magical capacity is low (-10% MP).]
[You occasionally shout uncontrollably at your foes.]


Message History

You barely miss the orc warrior.
The orc warrior hits you with a mace of protection!
You hit the orc warrior but do no damage.
Your headbutt misses the orc warrior.
The orc warrior hits you with a mace of protection!!
Ouch! That really hurt!
* * * LOW HITPOINT WARNING * * *
You are too injured to fight recklessly!
You are too injured to fight recklessly!
You are too injured to fight recklessly!
You are too injured to fight recklessly!
You are too injured to fight recklessly!
You are too injured to fight recklessly!
You barely miss the orc warrior. You block the orc warrior's attack.
Your shield and scale mail prevent you from hitting the orc warrior.
The orc warrior hits you with a mace of protection.
* * * LOW HITPOINT WARNING * * *
You barely miss the orc warrior.
The orc warrior hits you with a mace of protection.
You die...

#####
##############.o.#
................@#
##.###########.#.#
#)# #.#.# #.#
#.#.#
#.###########.###
#.............#
#.#############
##.# รท..#


You could see an orc warrior.

Vanquished Creatures
  Terence (D:2)
  Natasha (D:2)
  An adder (D:2)
  A worm (D:2)
  2 giant geckos
  9 goblins
  10 hobgoblins
  5 bats
  A giant cockroach (D:1)
  3 giant newts
  2 jackals (D:1)
  7 kobolds
  4 rats
47 creatures vanquished.

Notes
Turn   | Place    | Note
--------------------------------------------------------------
     0 | D:1      | kae the Minotaur Fighter began the quest for the Orb.
     0 | D:1      | Reached XP level 1. HP: 19/19 MP: 0/0
   190 | D:1      | Reached XP level 2. HP: 26/26 MP: 1/1
   517 | D:1      | Reached skill level 4 in Long Blades
   681 | D:1      | Reached XP level 3. HP: 31/31 MP: 2/2
   807 | D:2      | Noticed Terence
   814 | D:2      | Killed Terence
   814 | D:2      | Reached skill level 5 in Long Blades
  1096 | D:2      | Reached XP level 4. HP: 39/39 MP: 3/3
  1241 | D:2      | Found an ancient bone altar of Kikubaaqudgha.
  1268 | D:2      | Cast into the Abyss (goblin)
  1274 | Abyss:1  | Found a corrupted altar of Lugonu.
  1333 | Abyss:1  | Noticed an ice devil
  1344 | Abyss:1  | Noticed a large abomination
  1391 | Abyss:1  | Noticed a wretched star
  1391 | Abyss:1  | Noticed a rakshasa
  1402 | Abyss:2  | Noticed a fire giant skeleton
  1413 | D:2      | Escaped the Abyss
  1535 | D:2      | Noticed Natasha
  1547 | D:2      | Killed Natasha
  1829 | D:3      | Noticed an orc warrior
  1842 | D:2      | Slain by an orc warrior

Vault maps used:
D:1:      onia_arrival_pyramid, supply_closet_lemuel
D:2:      lemuel_doored_altar, uniq_terence, uniq_natasha
Abyss:1:  minivault_25

Action                   |  1- 3 |  4- 6 || total
-------------------------+-------+-------++-------
Melee: Long sword        |    78 |    27 ||   105
  Use: Potion            |       |     1 ||     1
  Eat: Chunk             |       |     3 ||     3
